 Dungeon Crawl Stone Soup version 0.30.0-20-g3615ddf2f0 (webtiles) character file.

Game seed: 4573411917113610495

494 qw the Shield-Bearer (level 7, 0/43 HPs)
             Began as a Gargoyle Fighter on May 27, 2023.
             Was an Initiate of Okawaru.
             Slain by a gnoll sergeant
             ... wielding a +0 trident
              (7 damage)
             ... on level 5 of the Dungeon.
             The game lasted 00:02:22 (3767 turns).

qw the Shield-Bearer (Gargoyle Fighter)             Turns: 3767, Time: 00:02:23

Health: 0/43       AC: 16    Str: 21    XL:     7   Next: 15%
Magic:  7/7        EV:  7    Int:  9    God:    Okawaru [......]
Gold:   294        SH:  8    Dex:  9    Spells: 6/6 levels left

rFire   + . .        Y - +1 war axe
rCold   + . .        f - +0 kite shield
rNeg    + . .        j - +0 chain mail {rF+}
rPois   inf          h - +1 helmet
rElec   +            (no cloak)
rCorr   .            (no gloves)
SInv    .            (no boots)
Will    .....        (no amulet) Stlth
                     e - ring of protection from cold
HPRegen 0.27/turn    (no ring)
MPRegen 0.10/turn

%: no passive effects
@: no status effects
A: sickness immunity, AC +4, negative energy resistance 1, electricity
resistance, torment resistance 1, petrification resistance
a: Renounce Religion


You were on level 5 of the Dungeon.
You worshipped Okawaru.
Okawaru was noncommittal.
You visited 1 branch of the dungeon, and saw 5 of its levels.

You collected 294 gold pieces.


Innate Abilities, Weirdness & Mutations

You are immune to sickness and miasma.
Your stone body is resilient. (AC +4)
You are immune to poison.
You resist negative energy. (rN+)
You are resistant to electric shocks. (rElec)
You are resistant to unholy torment.
You are immune to petrification.


   Skills:
 - Level 4.0 Fighting
 + Level 5.4 Axes
 - Level 3.2 Armour
 - Level 5.4 Shields
 - Level 0.2 Invocations


You had 6 spell levels left.
You didn't know any spells.
Your spell library was empty.

Inventory:

Hand Weapons
 b - a +0 morningstar
 Y - a +1 war axe (weapon)
Armour
 f - a +0 kite shield (worn)
 h - a +1 helmet (worn)
 j - a +0 chain mail of fire resistance (worn)
Jewellery
 e - a ring of protection from cold (left hand)
Scrolls
 a - a scroll of identify
 p - a scroll of teleportation
Potions
 c - a potion of lignification
 d - 2 potions of might
 g - 3 potions of curing
 k - a potion of haste
 l - a potion of heal wounds
 m - a potion of attraction
 n - a potion of mutation
 o - a potion of resistance {unknown}

Dungeon Overview and Level Annotations

Branches:
Dungeon (5/15)             Temple (0/1) D:4

Altars:
Cheibriados
Okawaru
Vehumet


Message History

You hit the gnoll.
The gnoll is moderately wounded.
You block the gnoll's attack. The gnoll sergeant barely misses you.
You hit the gnoll.
The gnoll is heavily wounded.
The gnoll hits you but does no damage.
The gnoll sergeant hits you from afar with a +0 trident.
You block the gnoll's attack.
The gnoll sergeant hits you but does no damage.
You barely miss the gnoll.
The gnoll is heavily wounded.
The gnoll hits you but does no damage.
The gnoll sergeant hits you from afar with a +0 trident!
You barely miss the gnoll.
The gnoll is heavily wounded.
You block the gnoll's attack.
The gnoll sergeant hits you but does no damage.
You barely miss the gnoll.
The gnoll is heavily wounded.
You block the gnoll's attack.
The gnoll sergeant hits you but does no damage.
You block the gnoll sergeant's attack. The gnoll closely misses you.
You barely miss the gnoll.
The gnoll is heavily wounded.
The gnoll hits you but does no damage.
The gnoll sergeant hits you but does no damage.
You hit the gnoll but do no damage.
The gnoll is heavily wounded.
The gnoll barely misses you. You block the gnoll sergeant's attack.
You closely miss the gnoll.
The gnoll is heavily wounded.
The gnoll hits you with a +0 whip.
The gnoll sergeant hits you from afar with a +0 trident.
The gnoll sergeant hits you but does no damage.
The gnoll hits you but does no damage.
You hit the gnoll.
The gnoll is severely wounded.
The gnoll hits you with a +0 whip!
The gnoll sergeant hits you from afar with a +0 trident!
You die...

#### g.#
####### #g#
#.....###@#
#.........#
###<..###.#
##### ###


You could see a gnoll sergeant and a gnoll.

Vanquished Creatures
  2 sleepcaps (D:4)
  Jessica (D:2)
  An iguana (D:4)
  Terence (D:2)
  3 orc wizards (D:4)
  Robin (D:2)
  11 gnolls
  6 adders
  A worm (D:4)
  2 dart slugs
  5 orcs
  3 ball pythons
  9 bats
  8 endoplasms
  3 giant cockroaches (D:4)
  19 goblins
  4 hobgoblins
  9 jackals
  5 quokkas
  A frilled lizard (D:3)
  10 kobolds
  6 rats
111 creatures vanquished.

Notes
Turn   | Place    | Note
-------+----------+-------------------------------------------
     0 | D:1      | qw the Gargoyle Fighter began the quest for the Orb.
     0 | D:1      | Reached XP level 1. HP: 14/14 MP: 1/1
     0 | D:1      | 0 ||| qw: Version: 0.2-a-99-gce666ed
     0 | D:1      | 0 ||| qw: Game counter: 176
     0 | D:1      | 0 ||| qw: Always use a shield: true
     0 | D:1      | 0 ||| qw: God list: Okawaru
     0 | D:1      | 0 ||| qw: Allow faded altars: false
     0 | D:1      | 0 ||| qw: Do Orc after D:15 true
     0 | D:1      | 0 ||| qw: Do second Lair branch before Depths: true
     0 | D:1      | 0 ||| qw: Lair rune preference: random
     0 | D:1      | 0 ||| qw: Plans: Normal, Zot:1-4, God:TSO, Crypt, Tomb,
                  | Pan, Slime:5, Hells, Abyss, Win
     0 | D:1      | 0 ||| PLANNING D:1-11
   140 | D:1      | Reached XP level 2. HP: 19/19 MP: 2/2
   641 | D:1      | Reached skill level 3 in Axes
   812 | D:1      | 812 ||| UPGRADING to +0 kite shield.
   822 | D:1      | 822 ||| DROPPING +0 buckler.
   823 | D:1      | 823 ||| READING 4 scrolls labelled TOTAOF ZIZAWOD.
   824 | D:1      | 824 ||| READING scroll labelled TOLUUSEFEREJ.
   827 | D:1      | 827 ||| READING scroll labelled BEMIMU AKHLYDI.
   828 | D:1      | 828 ||| DRINKING 2 inky potions.
   829 | D:1      | 829 ||| READING 3 scrolls of identify.
   829 | D:1      | 829 ||| IDENTIFYING pink potion
   830 | D:1      | 830 ||| READING 2 scrolls of identify.
   830 | D:1      | 830 ||| IDENTIFYING metallic grey potion
   831 | D:1      | 831 ||| DROPPING potion of brilliance.
   832 | D:1      | 832 ||| DROPPING potion of degeneration.
   892 | D:2      | Reached XP level 3. HP: 23/23 MP: 3/3
  1029 | D:2      | 1029 ||| Stepping ~*~*~tactically~*~*~ (stealth).
  1034 | D:2      | Noticed Jessica
  1037 | D:2      | 1037 ||| Stepping ~*~*~tactically~*~*~ (hiding).
  1040 | D:2      | 1040 ||| Stepping ~*~*~tactically~*~*~ (hiding).
  1063 | D:2      | HP: 5/23 [frozen (4)]
  1068 | D:2      | Killed Jessica
  1069 | D:2      | Reached XP level 4. HP: 9/28 MP: 4/4
  1140 | D:2      | Identified the +5 quarterstaff of Gallantry {holy, +Blink
                  | rN+ Str+2 Stlth+}
  1164 | D:2      | Noticed Terence
  1184 | D:2      | Killed Terence
  1261 | D:2      | 1261 ||| DROPPING +2 mace of holy wrath.
  1301 | D:2      | Noticed Robin
  1310 | D:2      | Reached XP level 5. HP: 25/32 MP: 5/5
  1321 | D:2      | Killed Robin
  1550 | D:2      | 1550 ||| Stepping ~*~*~tactically~*~*~ (hiding).
  1807 | D:2      | 1807 ||| Stepping ~*~*~tactically~*~*~ (hiding).
  1885 | D:2      | 1885 ||| DROPPING +1 mace of protection.
  1886 | D:2      | 1886 ||| DROPPING +0 flail.
  2014 | D:2      | 2014 ||| UPGRADING to +1 helmet.
  2019 | D:2      | 2019 ||| UPGRADING to +0 chain mail of fire resistance.
  2029 | D:2      | 2029 ||| DROPPING +0 scale mail.
  2030 | D:2      | 2030 ||| READING scroll labelled JUTOC MEPPE.
  2031 | D:2      | 2031 ||| READING scroll labelled VYOMMO BALIGUR.
  2032 | D:2      | 2032 ||| READING scroll labelled SOEMEG EGIKAST.
  2033 | D:2      | 2033 ||| DRINKING 4 purple potions.
  2034 | D:2      | 2034 ||| DROPPING 3 potions of flight.
  2160 | D:3      | Found an iron altar of Okawaru.
  2161 | D:3      | 2161 ||| PLANNING OKAWARU WORSHIP
  2161 | D:3      | 2161 ||| Stepping ~*~*~tactically~*~*~ (stealth).
  2167 | D:3      | Reached XP level 6. HP: 37/37 MP: 6/6
  2179 | D:3      | Became a worshipper of Warmaster Okawaru
  2179 | D:3      | 2179 ||| PLANNING D:1-11
  2233 | D:3      | 2233 ||| DROPPING +0 flail of protection.
  2481 | D:3      | 2481 ||| Stepping ~*~*~tactically~*~*~ (stealth).
  2496 | D:3      | Found a snail-covered altar of Cheibriados.
  2516 | D:3      | 2516 ||| Stepping ~*~*~tactically~*~*~ (stealth).
  2518 | D:3      | 2518 ||| READING 2 scrolls of identify.
  2518 | D:3      | 2518 ||| IDENTIFYING fuming emerald potion
  2672 | D:3      | 2672 ||| Stepping ~*~*~tactically~*~*~ (stealth).
  2673 | D:3      | 2673 ||| Stepping ~*~*~tactically~*~*~ (stealth).
  2839 | D:3      | 2839 ||| Stepping ~*~*~tactically~*~*~ (stealth).
  2840 | D:3      | 2840 ||| Stepping ~*~*~tactically~*~*~ (stealth).
  2957 | D:3      | 2957 ||| UPGRADING to ring of protection from cold.
  3144 | D:4      | 3144 ||| DRINKING 4 potions of curing.
  3144 | D:4      | 3144 ||| (to cure confusion)
  3165 | D:4      | Reached XP level 7. HP: 24/43 MP: 7/7
  3276 | D:4      | 3276 ||| Stepping ~*~*~tactically~*~*~ (stealth).
  3282 | D:4      | Reached * piety under Okawaru
  3286 | D:4      | 3286 ||| INVOKING Heroism.
  3540 | D:4      | Found a staircase to the Ecumenical Temple.
  3572 | D:4      | Found a radiant altar of Vehumet.
  3727 | D:4      | 3727 ||| DROPPING ring of wizardry.
  3728 | D:4      | 3728 ||| READING 3 scrolls labelled SUVVEXU OBLE.
  3729 | D:4      | 3729 ||| READING 3 scrolls of identify.
  3729 | D:4      | 3729 ||| IDENTIFYING yellow potion
  3730 | D:4      | 3730 ||| READING 2 scrolls of identify.
  3730 | D:4      | 3730 ||| IDENTIFYING blue potion
  3731 | D:4      | 3731 ||| DROPPING 2 scrolls of fog.
  3747 | D:5      | Entered Level 5 of the Dungeon
  3767 | D:5      | HP: 7/43 [gnoll/+0 whip[a gnoll sergeant] (7)]
  3767 | D:5      | Slain by a gnoll sergeant

Levels and vault maps discovered:
D:1:      dpeg_arrival_triangle_fractal, layout_basic, minivault_11
D:2:      layout_loops_cross, nicolae_concentric_dashed_squares_mild,
          uniq_jessica, uniq_terence, uniq_robin
D:3:      layout_loops_ring, overflow_temple_1_default,
          nicolae_overflow_squiral, kennysheep_generic_room_7
D:4:      layout_cave_pools, nicolae_vehumet_radiance,
          minmay_temple_entry_poolview
D:5:      layout_basic, minmay_shop_damaged, hangedman_feature_mirror,
          hangedman_decor_push, uniq_edmund

Skill      XL: |  1  2  3  4  5  6 |
---------------+-------------------+-----
Axes           | 2 3 4 5 |  5.4
Shields        | 4 5 |  5.4
Fighting       | 4 |  4.0
Armour         | |  3.2
Invocations    | |  0.2

Action                     |  1- 3 |  4- 6 |  7- 9 || total
---------------------------+-------+-------+-------++-------
  Melee: War axe           |    95 |   216 |    38 ||   349
 Invoke: Heroism           |       |       |     1 ||     1
    Use: Scroll            |     5 |     4 |     3 ||    12
         Potion            |     1 |     2 |       ||     3
 Armour: Scale mail        |    59 |    48 |       ||   107
         Chain mail        |       |    86 |    22 ||   108
  Dodge: Dodged            |    48 |    66 |    20 ||   134
  Block: Buckler           |     8 |       |       ||     8
         Kite shield       |    33 |    95 |    16 ||   144

Table legend:
 A = Non-vault XP
 B = Vault XP
 C = Vault XP percentage of total XP
 D = Non-vault monster count
 E = Vault monster count
 F = Vault count percentage of total count
                 A         B        C        D         E       F
            +---------+---------+-------+---------+---------+-------
      Total |     597 |     110 |  15.6 |      96 |      15 |  13.5
            +---------+---------+-------+---------+---------+-------
        D:1 |      31 |       0 |   0.0 |      16 |       0 |   0.0
        D:2 |     175 |     108 |  38.2 |      31 |      14 |  31.1
        D:3 |      75 |       2 |   2.6 |      29 |       1 |   3.3
        D:4 |     301 |       0 |   0.0 |      19 |       0 |   0.0
        D:5 |      15 |       0 |   0.0 |       1 |       0 |   0.0
            +---------+---------+-------+---------+---------+-------
